General information
- name: BNet
- type: Ladder team game (AT/RT)
- host: Battle.net
- saver: dratsabisgay
map: GolemsInTheMist
- players: 8
- length: 56:25
- speed: Fast
- version: 1.24 W3XP
- replay type: Public
» download(267 KB)
Players
team 1 (winner)
Sujini (
blue | 76 APM | 1044 actions | 13:40)
1 Keeper of the Grove
1 Entangling Roots
1 Warden
1 Shadow Strike
» actions
| Assign group hotkey | 6 | |
| Basic commands | 1 | |
| Build / train | 35 | |
| Enter build submenu | 14 | |
| Enter hero's abilities submenu | 2 | |
| Right click | 523 | |
| Select / deselect | 380 | |
| Select group hotkey | 21 | |
| Use ability | 62 | |
1044 total
» units
| Wisp | 13 | |
| Chimaera | 5 | |
| Goblin Zeppelin | 1 | |
19 total
» upgrades
| Well Spring | 1 | |
| Corrosive Breath | 1 | |
| Strength of the Wild | 1 | |
3 total
» buildings
| Tree of Ages | 3 | |
| Altar of Elders | 1 | |
| Moon Well | 5 | |
| Tree of Eternity | 1 | |
| Ancient of Wind | 1 | |
| Hunter's Hall | 1 | |
| Chimaera Roost | 3 | |
| Tree of Life | 2 | |
17 total
» build order
00:35 Tree of Ages
00:35 Tree of Ages
00:35 Tree of Ages
00:46 Altar of Elders
01:15 Moon Well
02:07 Moon Well
04:10 Tree of Eternity
05:07 Ancient of Wind
06:03 Hunter's Hall
06:33 Chimaera Roost
07:12 Chimaera Roost
07:15 Chimaera Roost
07:31 Moon Well
07:38 Tree of Life
07:41 Tree of Life
11:37 Moon Well
12:00 Moon Well
» items
| Healing Salve | 1 | |
| Lesser Clarity Potion | 1 | |
| Scroll of Town Portal | 1 | |
3 total
c0ckpuncher (
purple | 22 APM | 350 actions | 15:49)
1 Lich
1 Frost Nova
» actions
| Assign group hotkey | 3 | |
| Basic commands | 8 | |
| Build / train | 31 | |
| Enter build submenu | 17 | |
| Enter hero's abilities submenu | 1 | |
| Remove unit from queue | 1 | |
| Right click | 85 | |
| Select / deselect | 113 | |
| Select group hotkey | 67 | |
| Use ability | 24 | |
350 total
» units
| Acolyte | 3 | |
| Ghoul | 17 | |
| Goblin Shredder | 2 | |
22 total
» upgrades
| Unholy Strength | 1 | |
| Unholy Armor | 1 | |
2 total
» buildings
| Ziggurat | 6 | |
| Crypt | 2 | |
| Altar of Darkness | 1 | |
| Tomb of Relics | 1 | |
| Graveyard | 4 | |
| Halls of the Dead | 1 | |
| Spirit Tower | 1 | |
16 total
» build order
00:13 Ziggurat
00:14 Ziggurat
00:30 Crypt
01:12 Crypt
01:57 Ziggurat
03:27 Altar of Darkness
05:11 Tomb of Relics
05:21 Ziggurat
05:44 Graveyard
07:22 Halls of the Dead
07:23 Spirit Tower
09:19 Ziggurat
09:56 Graveyard
10:34 Graveyard
10:54 Graveyard
14:53 Ziggurat
» items
| Rod of Necromancy | 1 | |
| Scroll of Town Portal | 1 | |
2 total
TAKE(THIS) (
pink | 19 APM | 1073 actions | 56:25)
7 Blademaster
3 Wind Walk
3 Critical Strike
1 Bladestorm
» actions
| Assign group hotkey | 21 | |
| Build / train | 88 | |
| Enter build submenu | 19 | |
| Enter hero's abilities submenu | 7 | |
| Give item / drop item | 2 | |
| Remove unit from queue | 3 | |
| Right click | 459 | |
| Select / deselect | 376 | |
| Select group hotkey | 43 | |
| Use ability | 55 | |
1073 total
» units
| Peon | 12 | |
| Grunt | 6 | |
| Goblin Zeppelin | 1 | |
| Tauren | 3 | |
| Shaman | 7 | |
| Troll Batrider | 6 | |
| Hippogryph | 10 | |
| Troll Headhunter/Berserker | 14 | |
59 total
» upgrades
| Melee Weapons | 1 | |
| Shaman Training | 2 | |
| Armor | 1 | |
| Strength of the Wild | 1 | |
| Ranged Weapons | 2 | |
| Witch Doctor Training | 1 | |
| Berserker Upgrade | 1 | |
9 total
» buildings
| Orc Burrow | 6 | |
| Altar of Storms | 1 | |
| Barracks | 1 | |
| War Mill | 1 | |
| Stronghold | 1 | |
| Watch Tower | 2 | |
| Voodoo Lounge | 1 | |
| Fortress | 1 | |
| Spirit Lodge | 1 | |
| Great Hall | 2 | |
| Tauren Totem | 1 | |
| Beastiary | 1 | |
| Ancient of Wind | 1 | |
20 total
» build order
00:08 Orc Burrow
00:13 Altar of Storms
01:11 Barracks
01:44 Orc Burrow
02:41 War Mill
04:11 Stronghold
04:16 Watch Tower
05:27 Orc Burrow
05:37 Voodoo Lounge
07:09 Fortress
07:13 Spirit Lodge
09:08 Great Hall
09:24 Orc Burrow
09:45 Tauren Totem
10:22 Orc Burrow
11:24 Beastiary
11:30 Orc Burrow
11:49 Watch Tower
17:17 Ancient of Wind
26:07 Great Hall
» items
| Healing Salve | 2 | |
| Potion of Healing | 1 | |
| Orb of Lightning | 2 | |
| Scroll of Town Portal | 1 | |
| Potion of Mana | 1 | |
7 total
OhNoYouDidnt (
orange | 52 APM | 2950 actions | 56:22)
10 Blademaster
3 Wind Walk
3 Critical Strike
1 Bladestorm
3 Mirror Image
» actions
| Assign group hotkey | 264 | |
| Basic commands | 208 | |
| Build / train | 110 | |
| Enter build submenu | 44 | |
| Enter hero's abilities submenu | 10 | |
| Give item / drop item | 5 | |
| Remove unit from queue | 4 | |
| Right click | 1114 | |
| Select / deselect | 579 | |
| Select group hotkey | 429 | |
| Use ability | 182 | |
2950 total
» units
| Peon | 8 | |
| Grunt | 4 | |
| Goblin Shredder | 1 | |
| Goblin Zeppelin | 5 | |
| Wind Rider | 24 | |
| Troll Batrider | 4 | |
| Raider | 6 | |
52 total
» upgrades
| Ranged Weapons | 3 | |
| Reinforced Defenses | 1 | |
| Envenomed Spears | 1 | |
| Armor | 3 | |
| Spiked Barricades | 2 | |
| Liquid Fire | 1 | |
| Pillage | 1 | |
| Melee Weapons | 2 | |
| Ensnare | 1 | |
15 total
» buildings
| Altar of Storms | 1 | |
| Orc Burrow | 6 | |
| Barracks | 1 | |
| Voodoo Lounge | 1 | |
| Stronghold | 1 | |
| War Mill | 2 | |
| Fortress | 1 | |
| Great Hall | 3 | |
| Watch Tower | 26 | |
| Beastiary | 3 | |
| Moon Well | 14 | |
59 total
» build order
00:13 Altar of Storms
00:20 Orc Burrow
00:53 Barracks
01:30 Orc Burrow
01:38 Voodoo Lounge
03:19 Stronghold
04:40 Orc Burrow
04:59 War Mill
07:04 Fortress
09:06 Great Hall
09:09 Watch Tower
09:09 Watch Tower
09:10 Watch Tower
09:10 Watch Tower
09:56 Beastiary
09:57 Beastiary
11:26 Orc Burrow
11:39 Watch Tower
11:41 Watch Tower
11:42 Watch Tower
11:42 Watch Tower
11:42 Watch Tower
11:43 Watch Tower
11:47 Watch Tower
11:48 Watch Tower
11:51 Watch Tower
11:52 Watch Tower
11:53 Watch Tower
11:55 Watch Tower
11:57 Watch Tower
14:28 War Mill
14:32 Watch Tower
14:32 Watch Tower
14:33 Watch Tower
14:34 Watch Tower
14:39 Beastiary
18:29 Orc Burrow
18:30 Orc Burrow
18:43 Moon Well
18:44 Moon Well
18:45 Moon Well
18:45 Moon Well
18:45 Moon Well
18:46 Moon Well
18:46 Moon Well
20:54 Moon Well
20:54 Moon Well
23:53 Great Hall
23:55 Watch Tower
23:55 Watch Tower
23:56 Watch Tower
23:56 Watch Tower
23:59 Watch Tower
28:45 Moon Well
28:46 Moon Well
28:47 Moon Well
28:47 Moon Well
28:48 Moon Well
39:08 Great Hall
» items
| Healing Salve | 6 | |
| Orb of Lightning | 1 | |
| Lesser Clarity Potion | 4 | |
| Scroll of Town Portal | 7 | |
| Potion of Healing | 3 | |
| Tiny Great Hall | 2 | |
| Potion of Mana | 3 | |
26 total
team 2 (loser)

»
MeH)killer (
yellow | 42 APM | 2384 actions | 56:25)
8 Mountain King
3 Storm Bolt
3 Thunder Clap
1 Avatar
1 Bash
» actions
| Basic commands | 304 | |
| Build / train | 97 | |
| Enter build submenu | 35 | |
| Enter hero's abilities submenu | 7 | |
| Give item / drop item | 1 | |
| Right click | 1103 | |
| Select / deselect | 680 | |
| Use ability | 157 | |
2384 total
» units
| Peasant | 18 | |
| Footman | 9 | |
| Goblin Shredder | 1 | |
| Dragonhawk Rider | 6 | |
| Gryphon Rider | 10 | |
44 total
» upgrades
| Masonry | 3 | |
| Lumber Harvesting | 1 | |
| Armor | 3 | |
| Swords | 2 | |
| Cloud | 1 | |
| Storm Hammers | 1 | |
| Backpack | 1 | |
12 total
» buildings
| Barracks | 1 | |
| Farm | 12 | |
| Altar of Kings | 1 | |
| Lumber Mill | 1 | |
| Keep | 1 | |
| Town Hall | 2 | |
| Scout Tower | 21 | |
| Guard Tower | 7 | |
| Arcane Tower | 8 | |
| Castle | 1 | |
| Blacksmith | 1 | |
| Gryphon Aviary | 4 | |
| Arcane Vault | 1 | |
61 total
» build order
00:19 Barracks
00:34 Farm
00:49 Altar of Kings
01:02 Farm
01:02 Farm
02:27 Farm
02:58 Farm
03:38 Lumber Mill
03:50 Keep
03:54 Farm
04:55 Town Hall
05:05 Scout Tower
05:14 Scout Tower
05:16 Scout Tower
05:56 Guard Tower
06:01 Scout Tower
06:04 Scout Tower
06:25 Scout Tower
06:28 Scout Tower
06:39 Arcane Tower
06:39 Arcane Tower
06:39 Arcane Tower
06:55 Arcane Tower
06:55 Arcane Tower
06:55 Arcane Tower
06:58 Arcane Tower
07:24 Castle
08:24 Blacksmith
09:00 Gryphon Aviary
09:04 Gryphon Aviary
09:06 Gryphon Aviary
09:23 Arcane Vault
09:28 Gryphon Aviary
09:35 Guard Tower
09:36 Guard Tower
10:06 Farm
10:06 Farm
10:07 Farm
10:07 Farm
10:08 Farm
10:09 Farm
12:45 Scout Tower
12:47 Scout Tower
12:48 Scout Tower
12:49 Scout Tower
12:50 Scout Tower
15:24 Town Hall
16:42 Guard Tower
29:51 Scout Tower
29:52 Scout Tower
29:58 Scout Tower
30:01 Scout Tower
30:08 Scout Tower
30:10 Scout Tower
30:49 Guard Tower
39:43 Scout Tower
39:47 Scout Tower
40:13 Scout Tower
40:14 Guard Tower
40:50 Guard Tower
» items
| Lesser Clarity Potion | 2 | |
| Scroll of Town Portal | 4 | |
| Potion of Healing | 4 | |
| Scroll of Regeneration | 1 | |
| Orb of Fire | 1 | |
12 total

»
alonsao (
teal | 97 APM | 2397 actions | 24:40)
8 Demon Hunter
3 Immolation
3 Evasion
1 Metamorphosis
1 Mana Burn
» actions
| Assign group hotkey | 29 | |
| Basic commands | 118 | |
| Build / train | 96 | |
| Enter build submenu | 26 | |
| Enter hero's abilities submenu | 8 | |
| Give item / drop item | 2 | |
| Right click | 737 | |
| Select / deselect | 416 | |
| Select group hotkey | 866 | |
| Use ability | 99 | |
2397 total
» units
| Wisp | 33 | |
| Huntress | 6 | |
| Druid of the Talon | 9 | |
| Glaive Thrower | 2 | |
| Archer | 3 | |
53 total
» upgrades
| Strength of the Moon | 3 | |
| Moon Armor | 3 | |
| Druid of the Talon Training | 2 | |
| Ultravision | 1 | |
| Sentinel | 1 | |
| Strength of the Wild | 2 | |
| Reinforced Hides | 2 | |
| Upgrade Moon Glaive | 1 | |
| Mark of the Talon | 1 | |
| Well Spring | 1 | |
| Vorpal Blades | 1 | |
| Improved Bows | 1 | |
| Marksmanship | 1 | |
20 total
» buildings
| Altar of Elders | 1 | |
| Moon Well | 8 | |
| Ancient of Wonders | 1 | |
| Tree of Ages | 1 | |
| Ancient of War | 4 | |
| Hunter's Hall | 1 | |
| Ancient of Wind | 2 | |
| Tree of Life | 3 | |
| Tree of Eternity | 2 | |
| Ancient Protector | 4 | |
27 total
» build order
00:12 Altar of Elders
00:15 Moon Well
00:47 Moon Well
02:13 Ancient of Wonders
02:19 Moon Well
02:34 Moon Well
02:56 Tree of Ages
03:27 Ancient of War
03:33 Ancient of War
03:36 Ancient of War
04:26 Hunter's Hall
04:47 Moon Well
05:43 Ancient of Wind
06:18 Tree of Life
07:38 Ancient of Wind
07:42 Moon Well
10:44 Tree of Eternity
10:44 Tree of Eternity
10:57 Moon Well
15:29 Moon Well
16:59 Tree of Life
17:06 Ancient Protector
17:09 Ancient Protector
17:11 Ancient Protector
17:13 Ancient Protector
20:37 Ancient of War
21:44 Tree of Life
» items
| Scroll of Regeneration | 2 | |
| Scroll of Town Portal | 1 | |
| Orb of Venom | 1 | |
| Anti-magic Potion | 1 | |
5 total
dratsabisgay (
red | 48 APM | 2699 actions | 56:25)
7 Blademaster
3 Wind Walk
3 Critical Strike
1 Bladestorm
» actions
| Assign group hotkey | 26 | |
| Basic commands | 254 | |
| Build / train | 68 | |
| Enter build submenu | 17 | |
| Enter hero's abilities submenu | 7 | |
| Give item / drop item | 9 | |
| Remove unit from queue | 1 | |
| Right click | 982 | |
| Select / deselect | 330 | |
| Select group hotkey | 871 | |
| Use ability | 134 | |
2699 total
» units
| Peon | 11 | |
| Grunt | 2 | |
| Goblin Shredder | 1 | |
| Wind Rider | 12 | |
| Goblin Zeppelin | 3 | |
| Goblin Sapper | 10 | |
39 total
» upgrades
| Ranged Weapons | 2 | |
| Armor | 1 | |
| Reinforced Defenses | 1 | |
| Envenomed Spears | 1 | |
| Liquid Fire | 1 | |
6 total
» buildings
| Altar of Storms | 1 | |
| Orc Burrow | 7 | |
| Barracks | 1 | |
| Voodoo Lounge | 1 | |
| Stronghold | 2 | |
| War Mill | 1 | |
| Beastiary | 4 | |
| Fortress | 2 | |
| Great Hall | 1 | |
| Watch Tower | 13 | |
33 total
» build order
00:10 Altar of Storms
00:22 Orc Burrow
00:37 Barracks
01:23 Orc Burrow
02:00 Voodoo Lounge
02:57 Stronghold
02:57 Stronghold
03:42 War Mill
03:47 Orc Burrow
03:48 Orc Burrow
04:49 Orc Burrow
05:48 Beastiary
05:51 Beastiary
06:23 Fortress
08:12 Great Hall
10:21 Watch Tower
10:22 Watch Tower
10:23 Watch Tower
10:23 Watch Tower
10:25 Watch Tower
11:16 Watch Tower
11:16 Watch Tower
11:17 Watch Tower
11:18 Watch Tower
13:21 Orc Burrow
13:21 Orc Burrow
14:48 Watch Tower
14:49 Watch Tower
14:49 Watch Tower
14:50 Watch Tower
15:58 Beastiary
15:59 Beastiary
» items
| Healing Salve | 4 | |
| Potion of Healing | 3 | |
| Scroll of Town Portal | 2 | |
| Orb of Fire | 1 | |
10 total
TacoPunch (
green | 25 APM | 711 actions | 28:56)
6 Blademaster
2 Wind Walk
3 Critical Strike
1 Bladestorm
» actions
| Basic commands | 23 | |
| Build / train | 61 | |
| Enter build submenu | 18 | |
| Enter hero's abilities submenu | 6 | |
| Right click | 225 | |
| Select / deselect | 326 | |
| Use ability | 52 | |
711 total
» units
| Peon | 15 | |
| Wind Rider | 8 | |
| Shaman | 4 | |
| Troll Batrider | 1 | |
| Archer | 10 | |
38 total
» upgrades
| Armor | 2 | |
| Ranged Weapons | 3 | |
| Shaman Training | 2 | |
| Envenomed Spears | 1 | |
8 total
» buildings
| Altar of Storms | 3 | |
| Orc Burrow | 7 | |
| Voodoo Lounge | 1 | |
| War Mill | 1 | |
| Stronghold | 3 | |
| Watch Tower | 2 | |
| Fortress | 1 | |
| Spirit Lodge | 1 | |
| Beastiary | 2 | |
21 total
» build order
00:24 Altar of Storms
00:29 Orc Burrow
01:07 Voodoo Lounge
01:19 War Mill
04:10 Stronghold
04:11 Stronghold
05:08 Orc Burrow
06:04 Watch Tower
06:35 Watch Tower
06:54 Fortress
06:57 Spirit Lodge
07:03 Beastiary
08:05 Beastiary
08:32 Orc Burrow
09:28 Orc Burrow
12:03 Orc Burrow
12:59 Orc Burrow
18:58 Altar of Storms
19:04 Altar of Storms
19:07 Orc Burrow
» items
| Healing Salve | 1 | |
| Lesser Clarity Potion | 1 | |
| Potion of Healing | 1 | |
| Tiny Great Hall | 1 | |
4 total
Chat log
(00:04 / All) alonsao: bb
(00:31 / Allies) dratsabisgay: mine
(00:36 / Allies) alonsao: mine
(00:42 / Allies) TacoPunch: mine
(01:15 / All) OhNoYouDidnt: Fedor shall rise again
(01:21 / All) alonsao: i know
(01:25 / All) TacoPunch: fedor sucks
(01:29 / All) alonsao: stfu
(01:31 / All) alonsao: fedor is teh best
(01:32 / All) TAKE(THIS): BROCK
(01:34 / All) OhNoYouDidnt: Suck a dick you scum bag
(01:37 / All) TacoPunch: brock pwn him
(01:47 / All) TAKE(THIS): too much mass
(01:49 / All) OhNoYouDidnt: Fedor will come back more beastly than ever
(01:49 / All) TacoPunch: look at "fedor avoids brock" video
(01:51 / All) alonsao: he never fought against brock
(01:51 / All) dratsabisgay: we talking wrestlign?
(01:51 / All) TAKE(THIS): n ground game
(01:59 / All) TAKE(THIS): mma
(02:01 / All) OhNoYouDidnt: Brock gonna lose to Carwin
(02:01 / All) TAKE(THIS): brock
(02:08 / All) TAKE(THIS): hahahah no
(02:09 / All) alonsao: brock suks
(02:12 / All) TAKE(THIS): no
(02:19 / All) OhNoYouDidnt: Fedor forever
(02:24 / All) TacoPunch: ya he will then blame it on ring rust then pwn carwin in rematch
(02:25 / All) TAKE(THIS): who wears the belt??
(02:29 / All) TacoPunch: cuz its all rigged
(02:33 / All) OhNoYouDidnt: Paper belt
(02:43 / All) TAKE(THIS): lol
(03:35 / All) TAKE(THIS): brock trained w randy for the fight
(03:41 / All) TAKE(THIS): learned all the secrets
(03:42 / All) OhNoYouDidnt: big whoop
(03:42 / All) alonsao: randy suks
(03:44 / All) TAKE(THIS): woot
(03:50 / All) TacoPunch: randy put up best fight against brock
(03:51 / All) TAKE(THIS): knows more than ne1
(04:01 / All) TacoPunch: while weighing 60 lb less
(04:08 / All) TAKE(THIS): agreed
(04:10 / Allies) MeH)killer: 200 gold plz will pay back douyble
(04:14 / All) dratsabisgay: wrestling sucks foools, men in underwear touching each other
(04:21 / All) TAKE(THIS): no
(04:24 / All) TAKE(THIS): i wrestle
(04:26 / All) TAKE(THIS): 172
(04:30 / All) OhNoYouDidnt: We're talking ULTIMATE FIGHTING!!!!
(04:33 / All) TAKE(THIS): i dominate
(04:38 / All) c0ckpuncher: eiyh oil on yheir bodies
(04:44 / All) TAKE(THIS): lol
(04:53 / All) TacoPunch: ITS NOT OIL ITS FUCKING PAM..
(04:59 / All) TAKE(THIS): my singlet looks sexy
(05:18 / Allies) TacoPunch: wyvrn n shammy
(05:31 / All) OhNoYouDidnt: Fedor is the goat
(05:46 / All) TAKE(THIS): the bitch nigga
(05:50 / Allies) TacoPunch: fucking red..
(05:55 / Allies) TacoPunch: took me shredder
(05:57 / Allies) dratsabisgay: ill feed u wood relax
(06:00 / All) OhNoYouDidnt: the best there is
(06:02 / All) OhNoYouDidnt: the best there was
(06:04 / All) OhNoYouDidnt: the best there ever will be
(06:05 / All) TAKE(THIS): on paper lol
(06:09 / All) TAKE(THIS): not in the ring
(06:10 / Allies) MeH)killer: gold plz
(06:11 / All) OhNoYouDidnt: In realiuty
(06:14 / All) TAKE(THIS): no
(06:14 / Allies) dratsabisgay: gold plz as well
(06:15 / All) OhNoYouDidnt: BS
(06:18 / All) TAKE(THIS): scared of UFC
(06:22 / All) TAKE(THIS): and brock
(06:28 / All) OhNoYouDidnt: UFC is a sleazy company
(06:34 / All) OhNoYouDidnt: they're paying Carwin 40k for his next fight
(06:36 / All) TAKE(THIS): best fighters tho
(06:40 / All) TacoPunch: but where all the monay is
(06:40 / All) OhNoYouDidnt: treat their fighters like trash
(06:43 / All) OhNoYouDidnt: Yeah
(06:47 / All) OhNoYouDidnt: for Zuffa and Dana White
(06:49 / All) TacoPunch: GSP gonna fuck up koscheck
(06:57 / All) OhNoYouDidnt: not for the fighters
(07:02 / All) TAKE(THIS): lol kochek is nigger joke
(07:08 / All) OhNoYouDidnt: Agreed
(07:12 / All) TacoPunch: fuck ya i hate that lil nigger
(07:17 / All) OhNoYouDidnt: Rooting for Sonnen as well
(07:22 / All) TAKE(THIS): good wrestler tho
(07:27 / All) TacoPunch: thats it
(07:48 / All) TAKE(THIS): thats very imp tho
(08:15 / All) TacoPunch: koscheck reminds me of rashad
(08:20 / All) TAKE(THIS): wo
(08:23 / All) TAKE(THIS): no sir
(08:31 / All) TAKE(THIS): rashad more complete
(08:32 / Allies) dratsabisgay: blue is there
(08:32 / Allies) dratsabisgay: blue
(08:36 / Allies) dratsabisgay: attack it teal
(08:41 / All) OhNoYouDidnt: Shogun will rape Rashad
(08:46 / All) TAKE(THIS): lol yes
(08:51 / All) OhNoYouDidnt: Shogun is lhw goat
(08:55 / All) TAKE(THIS): i ahte shogun tho
(09:01 / All) OhNoYouDidnt: Why
(09:08 / All) TacoPunch: Lots of ppl didn't realize shogun was as good as he is cuz loss to forrest
(09:20 / All) OhNoYouDidnt: he didn't get to train much
(09:20 / Allies) dratsabisgay: feed me gold yellow
(09:28 / All) OhNoYouDidnt: and then fucked up his knee
(09:31 / All) OhNoYouDidnt: worse
(09:37 / Allies) TacoPunch: lumber plz red
(09:47 / Allies) TacoPunch: ty
(10:00 / Allies) alonsao: fuk chims
(10:44 / Allies) dratsabisgay: blue is there
(10:46 / Allies) dratsabisgay: lets go son
(11:25 / Allies) dratsabisgay: attack
(11:27 / Allies) alonsao: going
(11:29 / Allies) dratsabisgay: dont chase
(11:31 / Allies) alonsao: GO ALL
(12:07 / Allies) dratsabisgay: use wyverns
(13:34 / Allies) alonsao: we need to hit now
(13:38 / All) Sujini: anyways gg
(13:46 / All) alonsao: gg
(13:51 / All) TAKE(THIS): poor sport
(13:59 / All) TacoPunch: gg
(14:55 / All) TAKE(THIS): we done talkin mma???
(15:00 / Allies) dratsabisgay: gold plz
(15:01 / All) TacoPunch: guess so
(17:19 / Allies) TacoPunch: wtf
(17:25 / Allies) TacoPunch: red
(17:29 / Allies) TacoPunch: why u kill me?
(17:56 / Allies) TacoPunch: fag red
(18:04 / All) TAKE(THIS): so what about sexyama????
(18:51 / All) TacoPunch: watch out reds gonna kill u for some reason
(19:26 / Allies) alonsao: yellow lets finish this now before they fuk up
(19:56 / Allies) TacoPunch: red u are lil bitch
(20:00 / All) TAKE(THIS): nice talkin to ya fellas
(20:04 / All) TacoPunch: l8r
(20:05 / All) alonsao: gg
(20:20 / Allies) TacoPunch: reds gonna kill u
(21:09 / All) TacoPunch: well u actually gonna win
(21:13 / All) TacoPunch: cuz reds killing us
(21:23 / All) OhNoYouDidnt: you don't say
(21:31 / All) TacoPunch: yup
(21:34 / All) TAKE(THIS): red u doin well buddy?
(21:36 / All) OhNoYouDidnt: why on earth
(21:47 / All) TacoPunch: we found out hes gay
(21:52 / All) TacoPunch: and have been making fun of him
(21:53 / All) TAKE(THIS): noooo
(22:03 / All) TAKE(THIS): i woudlnt have thought
(22:08 / All) TacoPunch: me and teal treated him like chinese penis trap
(22:16 / All) TAKE(THIS): lol
(22:46 / All) TacoPunch: hes the 14 yr old fat chick whos got all the hot friends
(22:48 / Allies) alonsao: wtf u fukin faggot
(22:53 / All) TAKE(THIS): lmao
(22:56 / All) TAKE(THIS): bahahhahaha
(23:00 / Allies) TacoPunch: dude
(23:03 / Allies) TacoPunch: ive been telling u
(23:04 / All) TAKE(THIS): that was good
(23:12 / All) alonsao: red u fukin faggot stop that im going to report u
(23:21 / All) TAKE(THIS): lol good 1 teal
(23:30 / Allies) TacoPunch: teal
(24:07 / All) TacoPunch: hes sitting in his chair laughing eating a taco
(24:08 / All) alonsao: gg
(24:11 / All) alonsao: red u r fuked
(24:26 / All) TAKE(THIS): scare tactic
(24:27 / All) dratsabisgay: how so teal
(24:31 / All) TAKE(THIS): dont b scared red
(24:37 / All) alonsao: trust me u r fuked
(24:43 / All) TacoPunch: lets hear what u got red
(25:36 / All) OhNoYouDidnt: FEDOR IS THE GOAT
(25:42 / All) OhNoYouDidnt: DO NOT DISRESPECT THE GOAT!
(26:05 / Allies) TacoPunch: give teal gold yellow
(26:11 / Allies) MeH)killer: ...
(26:12 / Allies) MeH)killer: lol
(26:13 / Allies) MeH)killer: red
(26:21 / Allies) MeH)killer: are u friends with a guy on the other team
(26:25 / All) TAKE(THIS): ha
(26:34 / All) TacoPunch: he is guy on other team
(26:42 / All) MeH)killer: what?
(26:42 / All) dratsabisgay: "lol red are you friends with other guy on team " - yellow
(27:20 / All) OhNoYouDidnt: just butt buddies
(27:56 / Allies) TacoPunch: stop
(28:00 / All) TacoPunch: omfg
(28:04 / Allies) TacoPunch: o nvm
(28:06 / Allies) TacoPunch: its red
(28:22 / All) OhNoYouDidnt: You've brought this on yourself yellow
(28:49 / All) TacoPunch: allright guess im off to my bs acct and watchin tv
(28:51 / All) TacoPunch: l8r
(30:28 / All) MeH)killer: red
(30:51 / All) dratsabisgay: yes yellow
(30:55 / All) dratsabisgay: this is nothing personal
(31:01 / All) TAKE(THIS): hey how do u whisper???
(31:07 / All) MeH)killer: is it ur friend ur helping?
(31:27 / All) MeH)killer: come attack me
(31:33 / All) TAKE(THIS): ok
(31:37 / All) TAKE(THIS): towered
(31:38 / All) TAKE(THIS): lol
(32:23 / All) TAKE(THIS): hmm
(32:27 / All) MeH)killer: u blown
(32:31 / All) dratsabisgay: not bad for our first game in half a year turncoat
(32:33 / All) dratsabisgay: probably longer
(32:34 / All) TAKE(THIS): Wat
(32:36 / All) OhNoYouDidnt: lol
(32:43 / All) TAKE(THIS): bahhahahahhah
(32:46 / All) dratsabisgay: think last time we played was when i taunted you for colts losing
(32:56 / All) TAKE(THIS): me???
(32:57 / All) dratsabisgay: and bob sanders being #1 cornerback in league, which he is
(33:05 / All) TAKE(THIS): bc im colts faN
(33:06 / All) MeH)killer: why r u helping him
(33:07 / All) OhNoYouDidnt: which he is NOT
(33:14 / All) TAKE(THIS): SANDERS IS SAFETY
(33:22 / All) TAKE(THIS): but is best wen not injured
(33:24 / All) OhNoYouDidnt: Colts D sucks ass
(33:30 / All) TAKE(THIS): not playoff D
(33:32 / All) OhNoYouDidnt: All Manning
(33:32 / All) MeH)killer: brb gonna make a pizza
(33:48 / All) dratsabisgay: if you guys haven't noticed, orange is a racist and hates blacks, he is losing this fight if he likes nfl
(33:50 / Allies) MeH)killer: red why
(33:56 / All) OhNoYouDidnt: lol
(34:05 / All) TAKE(THIS): no red
(34:05 / All) MeH)killer: stop red u attacking wrong person
(34:06 / All) TAKE(THIS): NO
(34:07 / All) OhNoYouDidnt: It's a caste system
(34:13 / All) TAKE(THIS): we r friends
(34:34 / All) OhNoYouDidnt: Red is a treacherous and fickle lover you shall soon find out pink
(35:30 / All) TAKE(THIS): too fast
(35:38 / All) TAKE(THIS): lol
(37:09 / All) TAKE(THIS): lol
(37:14 / All) dratsabisgay: very sly yellow
(37:21 / All) OhNoYouDidnt: hate this map
(37:22 / All) OhNoYouDidnt: no shop
(37:23 / All) MeH)killer: what
(38:46 / All) OhNoYouDidnt: lawl
(38:54 / All) dratsabisgay: rape
(38:59 / All) TAKE(THIS): i suppose
(39:02 / All) TAKE(THIS): idc much
(39:02 / All) dratsabisgay: i guess me abusing solo hasn't hurt
(39:05 / All) dratsabisgay: /stats mugaroiscool
(39:08 / All) dratsabisgay: hes me
(39:36 / All) OhNoYouDidnt: why is yellow so gay
(39:54 / All) dratsabisgay: hes been mining gold with no peasants and chasing my 3 sappers,
(40:00 / All) OhNoYouDidnt: lawl
(40:03 / All) dratsabisgay: im waiting til he has enough gold to build hall at island
(40:10 / All) dratsabisgay: he isn't as dumb as he looks
(40:12 / All) dratsabisgay: that sly yellow
(40:20 / All) MeH)killer: :P
(40:32 / All) MeH)killer: waiting for pizza 2 be done
(40:39 / All) dratsabisgay: do not feel ashamed pink or yellow, we are oldschool stabbers on east, you had very little chance to beat us
(40:40 / All) TAKE(THIS): wat kind
(40:45 / All) MeH)killer: deluxe
(40:51 / All) TAKE(THIS): yum
(40:58 / All) dratsabisgay: i like veggie pizzas
(41:00 / All) dratsabisgay: had one other day
(41:09 / All) dratsabisgay: standard pepperoni
(41:11 / All) dratsabisgay: is fine iwth me
(41:12 / All) TAKE(THIS): ima wings kinda guy
(41:14 / All) dratsabisgay: i like spicy stuff
(41:18 / All) TAKE(THIS): not much pizza
(41:19 / All) dratsabisgay: oh i see
(41:23 / All) dratsabisgay: favorite ice cream?
(41:26 / All) dratsabisgay: cookies n cream
(41:28 / All) TAKE(THIS): hmmmmm
(41:31 / All) TAKE(THIS): yum
(41:35 / All) TAKE(THIS): or mint oreo
(41:59 / All) TAKE(THIS): so howd u too get in the same game???
(42:16 / All) OhNoYouDidnt: magic and miracles
(42:17 / All) TAKE(THIS): hmmmm
(42:19 / All) dratsabisgay: 0-0 accounts get in same game almot always
(42:29 / All) TAKE(THIS): ic
(42:41 / All) TAKE(THIS): that sounds fun,,,....
(42:44 / All) TAKE(THIS): i guesss
(42:49 / All) TAKE(THIS): red ur pretty good
(43:05 / All) dratsabisgay: like i said im an oldschool backstabber, i have experience
(43:10 / All) OhNoYouDidnt: lol
(43:34 / All) TAKE(THIS): and oj is ur partner in crime/./???
(43:40 / All) dratsabisgay: yes
(43:46 / All) MeH)killer: nahh is he is the taker
(43:58 / All) TAKE(THIS): hm i think u r better red
(44:03 / All) TAKE(THIS): took oj a while
(44:09 / All) dratsabisgay: hes just lazy
(44:12 / All) OhNoYouDidnt: lawl
(44:14 / All) MeH)killer: while i had red bsing me
(44:25 / All) dratsabisgay: i shouldn't have attacked my team so early but blue left
(44:26 / All) TAKE(THIS): ...
(44:29 / All) TAKE(THIS): ?
(44:46 / All) TAKE(THIS): o u make em think they r guna win eh?
(44:48 / All) MeH)killer: coulda taken u if
(44:50 / All) dratsabisgay: turncoat u got ps3 or 360 yet
(44:53 / All) MeH)killer: teal wasnt so dumb
(44:54 / All) dratsabisgay: if so what games
(44:58 / All) OhNoYouDidnt: no and never
(45:00 / All) dratsabisgay: sort of pink
(45:08 / All) dratsabisgay: teal was dumb
(45:14 / All) dratsabisgay: if he got hippos u guys could have killed me
(45:15 / All) TAKE(THIS): thats messed up
(45:18 / All) MeH)killer: yea
(45:26 / All) MeH)killer: he didnt even try to attack u lol
(45:38 / All) OhNoYouDidnt: I claim your base yellow
(45:47 / All) MeH)killer: fuck u nig nig
(45:51 / All) OhNoYouDidnt: lo
(45:53 / All) TAKE(THIS): so who wins this war?????
(45:58 / All) OhNoYouDidnt: My base
(45:59 / All) dratsabisgay: teal got pretty pissed
(46:01 / All) OhNoYouDidnt: It b elongs to me now
(46:05 / All) OhNoYouDidnt: What did he say
(46:05 / All) MeH)killer: no gold mine
(46:08 / All) MeH)killer: u dumbfuck
(46:13 / All) OhNoYouDidnt: It's symbolic
(46:18 / All) TAKE(THIS): lol
(46:20 / All) OhNoYouDidnt: Planting the flag
(46:23 / All) TAKE(THIS): owns u bitch
(46:25 / All) MeH)killer: dat ur mom should of swallowed u
(46:30 / All) OhNoYouDidnt: Why
(46:43 / All) MeH)killer: so u wouldnt exist
(46:50 / All) OhNoYouDidnt: I like existing though
(46:57 / All) MeH)killer: cuz u a good 4 nothing peice of shit
(47:04 / All) OhNoYouDidnt: Are ayou mad
(47:16 / All) TAKE(THIS): ohnoudidnt
(47:23 / All) dratsabisgay: pink is 171-196
(47:26 / All) dratsabisgay: and yellow is
(47:27 / All) TAKE(THIS): red u guna win???
(47:31 / All) TAKE(THIS): im bad
(47:35 / All) TAKE(THIS): i realize
(47:38 / All) dratsabisgay: 40-34
(47:40 / All) OhNoYouDidnt: You guys are at a stalemate
(47:44 / All) TAKE(THIS): but i am bored
(47:51 / All) OhNoYouDidnt: Me and red are blowing this popsickle stand
(48:16 / All) TAKE(THIS): who gets the W?
(48:21 / Allies) MeH)killer: pizza done
(48:28 / All) dratsabisgay: it depends who has best itnernet connection pink
(48:31 / All) dratsabisgay: and best computer
(48:35 / All) TAKE(THIS): lol
(48:37 / All) dratsabisgay: cause me and orange are going to leave
(48:39 / All) dratsabisgay: not kidding u sir
(48:40 / All) TAKE(THIS): ME
(48:49 / All) TAKE(THIS): lol i like u red
(48:51 / All) MeH)killer: lawl
(48:55 / All) TAKE(THIS): oj is a bitch
(49:01 / All) OhNoYouDidnt: lol
(49:02 / All) dratsabisgay: we're killing all our units and buildings except ONE and leaving game,
(49:03 / All) TAKE(THIS): ha took my gold
(49:05 / Allies) MeH)killer: lol
(49:17 / Allies) MeH)killer: u guys r crazy
(49:23 / All) dratsabisgay: as far as me and orange are concerned, you two can chat with each other all night
(49:30 / All) dratsabisgay: "u guys are crazy" - yellow
(49:31 / All) TAKE(THIS): fine
(49:34 / All) TAKE(THIS): yalk mma
(50:05 / All) MeH)killer: u guys are high as shit
(50:12 / Allies) MeH)killer: no other reason
(50:14 / All) TAKE(THIS): pretty good
(50:15 / All) dratsabisgay: wheres ur units turncoat, going to suicidemy units to u
(50:26 / All) OhNoYouDidnt: my base
(50:40 / All) dratsabisgay: let me reveal ur base so yellow sees u have nothing left
(50:44 / All) dratsabisgay: i always forget to dot hat
(50:52 / All) OhNoYouDidnt: sup
(51:17 / All) MeH)killer: u guys high?
(52:25 / All) OhNoYouDidnt: where is your bm
(52:29 / All) dratsabisgay: coming to U
(53:13 / All) MeH)killer: oh shit i lose
(53:19 / All) dratsabisgay: make sure all peasants are dead asshole
(53:25 / All) OhNoYouDidnt: they are
(53:27 / All) dratsabisgay: im surprised we never made that mistake before
(53:33 / All) MeH)killer: u gotta kill the units
(53:36 / All) dratsabisgay: i think we did once when playing with piethebackstab
(53:37 / All) MeH)killer: or he will win
(53:43 / All) OhNoYouDidnt: lawl
(54:03 / All) dratsabisgay: tell yellow and me when ur units, hero, are dead please
(54:06 / All) dratsabisgay: im talking to dratsab
(54:47 / All) MeH)killer: k
(54:53 / All) MeH)killer: pink u there
(54:57 / All) dratsabisgay: how u like the pizza yellow
(54:58 / All) TAKE(THIS): yep
(55:03 / All) MeH)killer: lol
(55:07 / All) dratsabisgay: diet coke with cold pizza sounds good to me
(55:19 / All) TAKE(THIS): diet ewwwwwwwww
(55:29 / All) OhNoYouDidnt: I left him two buildings! Jeez what a fool I am!
(55:35 / All) dratsabisgay: dratsab is jealous we did a standoff in our first game, i think he is gonna rebuy wc3
(55:39 / All) OhNoYouDidnt: That's one too many!
(55:44 / All) dratsabisgay: i have two as well
(55:52 / All) dratsabisgay: u should have built warmill by mine
(55:58 / All) OhNoYouDidnt: lawl
(56:04 / All) dratsabisgay: are we good to go?
(56:08 / All) OhNoYouDidnt: We'll do that next time
(56:08 / All) OhNoYouDidnt: Yeah
(56:14 / All) dratsabisgay: good luck yellow and pink, may the best computer internet connection win
(56:22 / All) TAKE(THIS): me
(56:24 / All) dratsabisgay: you will be in our hearts forever